Texas Stars vs Hershey Bears

Created - 28 mars 2018 at 10:31

Goals
1 2 3 T
Texas Stars 1 2 1 4
Hershey Bears 1 1 1 3
Shots
1 2 3 T
Texas Stars 7 12 8 27
Hershey Bears 9 15 16 40

1st period

1. Texas Stars , Phil Varone 39 (Alan Quine 31, Michael Bournival 26) at 8:39
2. Hershey Bears , Andrew Desjardins 31 (Cory Conacher 72, Nicolas Deslauriers 18) at 18:55

Penalties :
Tobias Lindberg (STA) for Charging (Minor) at 1:19, Mike Blunden (BEA) for Fighting (Major) at 10:30, Derrick Pouliot (STA) for Fighting (Major) at 10:30

2nd period

3. Texas Stars , Mike Sislo 21 (Jiri Hudler 45, Craig Cunningham 50) at 7:43
4. Hershey Bears , Brendan Gaunce 18 (Teddy Blueger 8, Carter Camper 19) at 11:02
5. Texas Stars , Garnet Hathaway 20 (Tobias Lindberg 6) at 13:17

Penalties :
Brad Hunt (STA) for Holding (Minor) at 0:22, Mark Fraser (BEA) for Fighting (Major) at 9:33, Brad Hunt (STA) for Fighting (Major) at 9:33, Josh Jacobs (STA) for Holding (Minor) at 15:32, Tom Sestito (BEA) for Roughing (Minor) at 18:00

3rd period

6. Texas Stars , Craig Cunningham 27 (Jiri Hudler 46) at 0:10
7. Hershey Bears , Tom Sestito 3 (Cristoval Nieves 16, James Wisniewski 6) at 4:27

Penalties :
Nicolas Deslauriers (BEA) for Hooking (Minor) at 17:19

Goalie Stats

Malcolm Subban (STA), 37 saves from 40 shots - (0,925), W, 32-27-5, 60:00 minutes
Mike McKenna (BEA), 23 saves from 27 shots - (0,852), L, 30-26-4, 59:42 minutes

Players Stats for Texas Stars

Player Name              G  A  P  +/- PIM S  H  SB GA TA FO     MP     PP MP  PK MP  
------------------------------------------------------------------------------------
Alan Quine               0  1  1   1  0   1  1  0  0  1  0/0    19:06   1:31   2:39 
Brad Hunt                0  0  0   1  7   2  2  0  0  0  0/0    22:28   2:31   1:58 
Brooks Laich             0  0  0   0  0   7  2  0  0  0  3/5    14:11   0:21   0:00 
Craig Cunningham         1  1  2   0  0   4  1  0  2  1  2/4    20:36   2:04   2:45 
Danick Martel            0  0  0   0  0   0  0  0  0  0  0/1     2:48   0:23   0:33 
Derrick Pouliot          0  0  0  -1  5   0  1  4  0  0  0/0    20:02   1:27   2:48 
Garnet Hathaway          1  0  1   0  0   2  0  0  0  0  0/0    14:44   0:13   0:33 
Jiri Hudler              0  2  2   0  0   2  2  0  2  0  15/23  24:27   2:04   2:45 
Joseph Cramarossa        0  0  0   0  0   0  1  0  0  0  1/3     5:24   0:00   0:00 
Josh Jacobs              0  0  0   1  2   0  0  1  0  1  0/0    15:14   0:00   1:11 
Luke Witkowski           0  0  0  -2  0   1  2  1  0  1  0/0    21:14   1:27   2:35 
Michael Bournival        0  1  1   1  0   2  1  1  1  0  0/2    16:26   1:39   0:00 
Michael Dal Colle        0  0  0   0  0   0  0  0  0  0  0/0     5:24   0:00   0:00 
Mike Sislo               1  0  1   0  0   1  0  1  0  0  1/1    17:53   2:06   0:00 
Phil Varone              1  0  1   1  0   3  2  1  0  1  9/11   19:08   1:33   2:39 
Rob Scuderi              0  0  0   2  0   0  0  3  0  0  0/0    26:27   2:31   3:22 
Ryan Murphy              0  0  0   1  0   0  0  0  0  0  0/0    14:42   0:00   0:00 
Tobias Lindberg          0  1  1   0  2   2  4  0  0  0  0/1    13:44   0:00   0:00 

Players Stats for Hershey Bears

Player Name              G  A  P  +/- PIM S  H  SB GA TA FO     MP     PP MP  PK MP  
------------------------------------------------------------------------------------
Andrew Desjardins        1  0  1  -1  0   6  0  1  1  0  7/27   21:37   2:27   1:49 
Andy Miele               0  0  0  -1  0   3  1  1  1  1  4/7    19:12   3:30   1:34 
Brendan Gaunce           1  0  1   1  0   3  1  0  1  0  2/2    10:02   0:00   1:13 
Carter Camper            0  1  1   1  0   1  0  0  0  0  0/0     7:33   0:00   0:00 
Chris Bourque            0  0  0  -1  0   5  1  1  0  0  0/1    17:22   3:30   0:07 
Chris Wagner             0  0  0  -1  0   2  0  2  0  0  0/1    17:15   3:30   0:00 
Colby Cave               0  0  0   0  0   1  1  0  0  0  0/0    11:14   0:00   0:00 
Cory Conacher            0  1  1  -1  0   4  4  0  0  0  2/3    21:52   2:27   1:55 
Cristoval Nieves         0  1  1   0  0   3  4  0  0  0  4/7    13:13   0:00   0:49 
James Wisniewski         0  1  1   1  0   0  0  1  0  0  0/0    13:39   0:00   0:38 
Klas Dahlbeck            0  0  0   0  0   0  0  0  1  1  0/0    20:29   3:06   1:19 
Mark Fraser              0  0  0  -3  5   0  0  0  0  2  0/0    24:13   2:51   2:39 
Matt Carle               0  0  0   2  0   2  1  0  0  0  0/0    14:40   0:00   0:00 
Michael Kostka           0  0  0  -2  0   1  3  5  0  1  0/0    27:07   2:51   2:39 
Mike Blunden             0  0  0  -1  5   2  1  0  1  0  1/3    17:51   2:27   0:29 
Nicolas Deslauriers      0  1  1   0  2   2  3  2  0  0  0/0    20:01   3:06   0:41 
Teddy Blueger            0  1  1   1  0   3  1  0  0  0  0/0     7:33   0:00   0:00 
Tom Sestito              1  0  1   0  2   2  1  0  0  0  0/0    11:05   0:00   0:00 

3 Stars

1 - Craig Cunningham (STA)
2 - Phil Varone (STA)
3 - Jiri Hudler (STA)

Power Play

Texas Stars - 0 on 2 Attempt(s) - 0,00%
Hershey Bears - 0 on 3 Attempt(s) - 0,00%

Penalty Kill

Texas Stars - 3 on 3 Attempt(s) - 100,00% - Score 0 goal in Penalty Kill
Hershey Bears - 2 on 2 Attempt(s) - 100,00% - Score 0 goal in Penalty Kill

Team Stat

Texas Stars - Hits : 19 - Faceoff Wins : 31 - Blocked Shots : 12 - Penalty Minutes : 16
Hershey Bears - Hits : 22 - Faceoff Wins : 20 - Blocked Shots : 13 - Penalty Minutes : 14

Official

Referees : Kelly Sutherland and Trevor Hanson
Linesman : Unknown

Game Notes

Mike Blunden beats up Derrick Pouliot at 10:30 of 1st period
Mark Fraser beats up Brad Hunt at 9:33 of 2nd period

Finance

Level 1 -- Attendance: 1628 (81,40%) -- Ticket Income 56 980 $
Level 2 -- Attendance: 684 (68,40%) -- Ticket Income 10 260 $
Total Attendance: 2312 (77,07%)
Total Ticket Income: 67 240 $
Other Income: 32 948 $
Total Income: 100 188 $

Texas Stars

5 vs 5 Forward 
   Center                   Left Wing                Right Wing               Time % Phy DF OF 
 1 Jiri Hudler              Craig Cunningham         Mike Sislo               40     1   2  2  
 2 Phil Varone              Alan Quine               Michael Bournival        30     1   2  2  
 3 Brooks Laich             Garnet Hathaway          Tobias Lindberg          20     1   2  2  
 4 Joseph Cramarossa        Michael Dal Colle        Jiri Hudler              10     1   2  2  

5 vs 5 Defense 
   Defense                  Defense                                           Time % Phy DF OF 
 1 Rob Scuderi              Brad Hunt                                         40     1   2  2  
 2 Derrick Pouliot          Luke Witkowski                                    30     1   2  2  
 3 Ryan Murphy              Josh Jacobs                                       20     1   2  2  
 4 Rob Scuderi              Brad Hunt                                         10     1   2  2  

PowerPlay Forward 
   Center                   Left Wing                Right Wing               Time % Phy DF OF 
 1 Jiri Hudler              Craig Cunningham         Mike Sislo               60     1   2  2  
 2 Phil Varone              Alan Quine               Michael Bournival        40     1   2  2  

PowerPlay Defense
   Defense                  Defense                                           Time % Phy DF OF 
 1 Rob Scuderi              Brad Hunt                                         60     1   2  2  
 2 Derrick Pouliot          Luke Witkowski                                    40     1   2  2  

Penalty Kill 4 Players Forward 
   Center                   Wing                     Time % Phy DF OF 
 1 Jiri Hudler              Craig Cunningham         60     1   2  2  
 2 Phil Varone              Alan Quine               40     1   2  2  

Penalty Kill 4 Players Defense
   Defense                  Defense                  Time % Phy DF OF 
 1 Rob Scuderi              Brad Hunt                60     1   2  2  
 2 Derrick Pouliot          Luke Witkowski           40     1   2  2  

Penalty Kill - 3 Players Forward 
   Forward                                           Time % Phy DF OF 
 1 Jiri Hudler                                       60     1   2  2  
 2 Craig Cunningham                                  40     1   2  2  

Penalty Kill - 3 Players Defense
   Defense                  Defense                  Time % Phy DF OF 
 1 Rob Scuderi              Brad Hunt                60     1   2  2  
 2 Derrick Pouliot          Luke Witkowski           40     1   2  2  

4 vs 4 Forward 
   Center                   Wing                     Time % Phy DF OF 
 1 Jiri Hudler              Craig Cunningham         60     1   2  2  
 2 Phil Varone              Alan Quine               40     1   2  2  

4 vs 4 Defense
   Defense                  Defense                  Time % Phy DF OF 
 1 Rob Scuderi              Brad Hunt                60     1   2  2  
 2 Derrick Pouliot          Luke Witkowski           40     1   2  2  

Last Minutes Offensive
   Center                   Left Wing                Right Wing               Defense                  Defense                  
   Jiri Hudler              Craig Cunningham         Mike Sislo               Rob Scuderi              Brad Hunt                

Last Minutes Defensive
   Center                   Left Wing                Right Wing               Defense                  Defense                  
   Jiri Hudler              Craig Cunningham         Mike Sislo               Rob Scuderi              Brad Hunt                

Goaltenders
Starting : Malcolm Subban           
Backup : Richard Bachman          

Extra Forwards
Normal : Danick Martel, Brooks Laich, Garnet Hathaway - PP : Danick Martel, Brooks Laich - PK : Garnet Hathaway
Extra Defensemen
Normal : Ryan Murphy, Josh Jacobs, Derrick Pouliot - PP : Ryan Murphy - PK : Josh Jacobs, Derrick Pouliot
Penalty Shots
Jiri Hudler, Craig Cunningham, Phil Varone, Alan Quine, Brooks Laich

Scratches
Alex Schoenborn (Healthy), Luke Johnson (Healthy), Colin Blackwell (Healthy), Damir Sharipzianov (Healthy), Jacob Graves (Healthy)
Dustin Tokarski (Healthy)

Hershey Bears

5 vs 5 Forward 
   Center                   Left Wing                Right Wing               Time % Phy DF OF 
 1 Andrew Desjardins        Cory Conacher            Mike Blunden             40     1   2  2  
 2 Andy Miele               Chris Bourque            Chris Wagner             30     1   2  2  
 3 Cristoval Nieves         Colby Cave               Tom Sestito              20     1   2  2  
 4 Brendan Gaunce           Teddy Blueger            Carter Camper            10     1   2  2  

5 vs 5 Defense 
   Defense                  Defense                                           Time % Phy DF OF 
 1 Michael Kostka           Mark Fraser                                       40     1   2  2  
 2 Klas Dahlbeck            Nicolas Deslauriers                               30     1   2  2  
 3 Matt Carle               James Wisniewski                                  20     1   2  2  
 4 Michael Kostka           Mark Fraser                                       10     1   2  2  

PowerPlay Forward 
   Center                   Left Wing                Right Wing               Time % Phy DF OF 
 1 Andrew Desjardins        Cory Conacher            Mike Blunden             60     1   2  2  
 2 Andy Miele               Chris Bourque            Chris Wagner             40     1   2  2  

PowerPlay Defense
   Defense                  Defense                                           Time % Phy DF OF 
 1 Michael Kostka           Mark Fraser                                       60     1   2  2  
 2 Klas Dahlbeck            Nicolas Deslauriers                               40     1   2  2  

Penalty Kill 4 Players Forward 
   Center                   Wing                     Time % Phy DF OF 
 1 Cory Conacher            Andrew Desjardins        60     1   2  2  
 2 Mike Blunden             Andy Miele               40     1   2  2  

Penalty Kill 4 Players Defense
   Defense                  Defense                  Time % Phy DF OF 
 1 Michael Kostka           Mark Fraser              60     1   2  2  
 2 Klas Dahlbeck            Nicolas Deslauriers      40     1   2  2  

Penalty Kill - 3 Players Forward 
   Forward                                           Time % Phy DF OF 
 1 Cory Conacher                                     60     1   2  2  
 2 Andrew Desjardins                                 40     1   2  2  

Penalty Kill - 3 Players Defense
   Defense                  Defense                  Time % Phy DF OF 
 1 Michael Kostka           Mark Fraser              60     1   2  2  
 2 Klas Dahlbeck            Nicolas Deslauriers      40     1   2  2  

4 vs 4 Forward 
   Center                   Wing                     Time % Phy DF OF 
 1 Cory Conacher            Andrew Desjardins        60     1   2  2  
 2 Mike Blunden             Andy Miele               40     1   2  2  

4 vs 4 Defense
   Defense                  Defense                  Time % Phy DF OF 
 1 Michael Kostka           Mark Fraser              60     1   2  2  
 2 Klas Dahlbeck            Nicolas Deslauriers      40     1   2  2  

Last Minutes Offensive
   Center                   Left Wing                Right Wing               Defense                  Defense                  
   Andrew Desjardins        Cory Conacher            Mike Blunden             Michael Kostka           Mark Fraser              

Last Minutes Defensive
   Center                   Left Wing                Right Wing               Defense                  Defense                  
   Andrew Desjardins        Cory Conacher            Mike Blunden             Michael Kostka           Mark Fraser              

Goaltenders
Starting : Mike McKenna             
Backup : Mackenzie Skapski        

Extra Forwards
Normal : Cristoval Nieves, Colby Cave, Brendan Gaunce - PP : Cristoval Nieves, Colby Cave - PK : Brendan Gaunce
Extra Defensemen
Normal : Matt Carle, James Wisniewski, Klas Dahlbeck - PP : Matt Carle - PK : James Wisniewski, Klas Dahlbeck
Penalty Shots
Cory Conacher, Andrew Desjardins, Mike Blunden, Andy Miele, Chris Bourque

Scratches
Dalton Prout (Healthy), Bryce Gervais (Healthy), Thomas Di Pauli (Healthy), Justin Hickman (Healthy), Markus Eisenschmid (Healthy)

% Time on Ice - Texas Stars

Lines # - Real PCT - Wanted PCT - Time Play
Normal Forward
1 - 31% - 40% - 15:36
2 - 30% - 30% - 14:56
3 - 28% - 20% - 13:39
4 - 11% - 10% - 5:24
Normal Defense
1 - 37% - 40% - 18:16
2 - 36% - 30% - 18:00
3 - 24% - 20% - 12:06
4 - 2% - 10% - 1:13
PP Forward
1 - 58% - 60% - 2:19
2 - 42% - 40% - 1:39
PP Defense
1 - 63% - 60% - 2:31
2 - 37% - 40% - 1:27
PK Forward
1 - 55% - 60% - 3:18
2 - 45% - 40% - 2:39
PK Defense
1 - 57% - 60% - 3:22
2 - 43% - 40% - 2:35
PK3 Forward
1 - 0% - 60%
2 - 0% - 40%
PK3 Defense
1 - 0% - 60%
2 - 0% - 40%
44 Forward
1 - 0% - 60%
2 - 0% - 40%
44 Defense
1 - 0% - 60%
2 - 0% - 40%
Last Minute Offensive  - 0:00
Last Minute Defensive  - 0:30
Total
Forward - 60:00
Defense - 60:00

% Time on Ice - Hershey Bears

Lines # - Real PCT - Wanted PCT - Time Play
Normal Forward
1 - 35% - 40% - 17:11
2 - 28% - 30% - 13:45
3 - 22% - 20% - 11:06
4 - 15% - 10% - 7:33
Normal Defense
1 - 39% - 40% - 19:24
2 - 32% - 30% - 16:04
3 - 25% - 20% - 12:24
4 - 3% - 10% - 1:43
PP Forward
1 - 41% - 60% - 2:27
2 - 59% - 40% - 3:30
PP Defense
1 - 48% - 60% - 2:51
2 - 52% - 40% - 3:06
PK Forward
1 - 88% - 60% - 3:29
2 - 12% - 40% - 0:29
PK Defense
1 - 67% - 60% - 2:39
2 - 33% - 40% - 1:19
PK3 Forward
1 - 0% - 60%
2 - 0% - 40%
PK3 Defense
1 - 0% - 60%
2 - 0% - 40%
44 Forward
1 - 0% - 60%
2 - 0% - 40%
44 Defense
1 - 0% - 60%
2 - 0% - 40%
Last Minute Offensive  - 0:30
Last Minute Defensive  - 0:00
Total
Forward - 60:00
Defense - 60:00

Play by Play

1st period


0:01 of 1st period - Jiri Hudler wins face-off versus Andrew Desjardins in neutral zone.
0:15 of 1st period - Snap shot by Jiri Hudler.
0:15 of 1st period - Shot Misses the Net.
0:29 of 1st period - Icing by Alan Quine.
0:30 of 1st period - Andy Miele wins face-off versus Phil Varone in Texas Stars zone.
0:43 of 1st period - Slapshot by Chris Bourque.
0:43 of 1st period - Stopped by Malcolm Subban without a rebound.
0:44 of 1st period - Brooks Laich wins face-off versus Cristoval Nieves in Texas Stars zone.
0:51 of 1st period - Brooks Laich is hit by Matt Carle and loses puck.
1:19 of 1st period - Minor Penalty to Tobias Lindberg for Charging.
1:20 of 1st period - Jiri Hudler wins face-off versus Andrew Desjardins in Texas Stars zone.
3:19 of 1st period - Penalty to Tobias Lindberg is over, Tobias Lindberg is back on ice.
3:34 of 1st period - Slapshot by Brad Hunt.
3:34 of 1st period - Stopped by Mike McKenna with a rebound.
4:27 of 1st period - Garnet Hathaway is hit by Nicolas Deslauriers and loses puck.
4:39 of 1st period - Off-side.
4:40 of 1st period - Brendan Gaunce wins face-off versus Joseph Cramarossa in neutral zone.
4:52 of 1st period - Joseph Cramarossa is hit by Brendan Gaunce and loses puck.
5:29 of 1st period - Michael Bournival is hit by Cristoval Nieves and loses puck.
5:51 of 1st period - Wrist shot by Chris Wagner.
5:51 of 1st period - Stopped by Malcolm Subban without a rebound.
5:52 of 1st period - Andrew Desjardins wins face-off versus Michael Bournival in Texas Stars zone.
7:12 of 1st period - Matt Carle is hit by Tobias Lindberg and loses puck.
7:49 of 1st period - Off-side.
7:50 of 1st period - Brooks Laich wins face-off versus Cristoval Nieves in neutral zone.
7:53 of 1st period - Slapshot by Brooks Laich.
7:53 of 1st period - Shot Misses the Net.
7:55 of 1st period - Snap shot by Tobias Lindberg.
7:55 of 1st period - Stopped by Mike McKenna with a rebound.
7:57 of 1st period - Slapshot by Derrick Pouliot.
7:57 of 1st period - Deflect By Brooks Laich.
7:57 of 1st period - Stopped by Mike McKenna with a rebound.
8:21 of 1st period - Snap shot by Jiri Hudler.
8:21 of 1st period - Shot Misses the Net.
8:33 of 1st period - Snap shot by Michael Bournival.
8:33 of 1st period - Shot Misses the Net.
8:35 of 1st period - Snap shot by Michael Bournival.
8:35 of 1st period - Stopped by Mike McKenna with a rebound.
8:37 of 1st period - Wrist shot by Alan Quine.
8:37 of 1st period - Shot Misses the Net.
8:39 of 1st period - Wrist shot by Phil Varone.
8:39 of 1st period - Goal by Phil Varone - Texas Stars : 1 - Hershey Bears : 0.
8:40 of 1st period - Jiri Hudler wins face-off versus Andrew Desjardins in neutral zone.
8:51 of 1st period - Wrist shot by Craig Cunningham.
8:51 of 1st period - Stopped by Mike McKenna without a rebound.
8:52 of 1st period - Andrew Desjardins wins face-off versus Jiri Hudler in Hershey Bears zone.
9:19 of 1st period - Rob Scuderi is hit by Michael Kostka and loses puck.
9:32 of 1st period - Snap shot by Andy Miele.
9:32 of 1st period - Stopped by Malcolm Subban without a rebound.
9:33 of 1st period - Cristoval Nieves wins face-off versus Jiri Hudler in Texas Stars zone.
9:46 of 1st period - Wrist shot by Cristoval Nieves.
9:46 of 1st period - Shot Misses the Net.
9:48 of 1st period - Slapshot by Klas Dahlbeck.
9:48 of 1st period - Shot Misses the Net.
10:00 of 1st period - Snap shot by Chris Bourque.
10:00 of 1st period - Shot Misses the Net.
10:08 of 1st period - Wrist shot by Chris Bourque.
10:08 of 1st period - Shot Misses the Net.
10:10 of 1st period - Wrist shot by Chris Wagner.
10:10 of 1st period - Shot Blocked by Derrick Pouliot.
10:17 of 1st period - Icing by Luke Witkowski.
10:18 of 1st period - Cory Conacher wins face-off versus Jiri Hudler in Texas Stars zone.
10:30 of 1st period - Mike Blunden beats up Derrick Pouliot.
10:30 of 1st period - Penalty to Mike Blunden for Fighting.
10:30 of 1st period - Penalty to Derrick Pouliot for Fighting.
10:31 of 1st period - Phil Varone wins face-off versus Andrew Desjardins in Texas Stars zone.
10:44 of 1st period - Snap shot by Andrew Desjardins.
10:44 of 1st period - Stopped by Malcolm Subban without a rebound.
10:45 of 1st period - Jiri Hudler wins face-off versus Andrew Desjardins in Texas Stars zone.
10:58 of 1st period - Snap shot by Cory Conacher.
10:58 of 1st period - Stopped by Malcolm Subban with a rebound.
11:10 of 1st period - Brad Hunt is hit by Andy Miele and loses puck.
11:55 of 1st period - Off-side.
11:56 of 1st period - Joseph Cramarossa wins face-off versus Andrew Desjardins in neutral zone.
12:11 of 1st period - Slapshot by Andrew Desjardins.
12:11 of 1st period - Stopped by Malcolm Subban with a rebound.
13:08 of 1st period - Andrew Desjardins is hit by Luke Witkowski.
13:58 of 1st period - Wrist shot by Andrew Desjardins.
13:58 of 1st period - Shot Blocked by Michael Bournival.
14:12 of 1st period - Snap shot by Cory Conacher.
14:12 of 1st period - Deflect By Andrew Desjardins.
14:12 of 1st period - Stopped by Malcolm Subban with a rebound.
15:08 of 1st period - Wrist shot by Alan Quine.
15:08 of 1st period - Shot Misses the Net.
15:26 of 1st period - Cristoval Nieves is hit by Craig Cunningham.
16:07 of 1st period - Off-side.
16:08 of 1st period - Phil Varone wins face-off versus Cristoval Nieves in neutral zone.
17:37 of 1st period - Icing by Garnet Hathaway.
17:38 of 1st period - Andrew Desjardins wins face-off versus Brooks Laich in Texas Stars zone.
18:23 of 1st period - Slapshot by Brad Hunt.
18:23 of 1st period - Deflect By Carter Camper.
18:23 of 1st period - Stopped by Mike McKenna without a rebound.
18:24 of 1st period - Brendan Gaunce wins face-off versus Tobias Lindberg in Hershey Bears zone.
18:53 of 1st period - Slapshot by Cory Conacher.
18:53 of 1st period - Stopped by Malcolm Subban with a rebound.
18:55 of 1st period - Wrist shot by Andrew Desjardins.
18:55 of 1st period - Goal by Andrew Desjardins - Texas Stars : 1 - Hershey Bears : 1.
18:56 of 1st period - Andrew Desjardins wins face-off versus Jiri Hudler in neutral zone.
Goals for this period are 1 for Texas Stars vs 1 for Hershey Bears.
Shots for this period are 7 for Texas Stars vs 9 for Hershey Bears.

2nd period


0:01 of 2nd period - Jiri Hudler wins face-off versus Andrew Desjardins in neutral zone.
0:22 of 2nd period - Minor Penalty to Brad Hunt for Holding.
0:23 of 2nd period - Andrew Desjardins wins face-off versus Craig Cunningham in Texas Stars zone.
0:34 of 2nd period - Snap shot by Andrew Desjardins.
0:34 of 2nd period - Shot Blocked by Rob Scuderi.
0:56 of 2nd period - Wrist shot by Andy Miele.
0:56 of 2nd period - Shot Misses the Net.
0:58 of 2nd period - Slapshot by Andy Miele.
0:58 of 2nd period - Stopped by Malcolm Subban without a rebound.
0:59 of 2nd period - Phil Varone wins face-off versus Andy Miele in Texas Stars zone.
0:59 of 2nd period - Phil Varone is hit by Nicolas Deslauriers.
2:22 of 2nd period - Penalty to Brad Hunt is over, Brad Hunt is back on ice.
2:39 of 2nd period - Slapshot by Brooks Laich.
2:39 of 2nd period - Shot Misses the Net.
3:01 of 2nd period - Backhand shot by Carter Camper.
3:01 of 2nd period - Stopped by Malcolm Subban with a rebound.
3:03 of 2nd period - Slapshot by Nicolas Deslauriers.
3:03 of 2nd period - Stopped by Malcolm Subban without a rebound.
3:04 of 2nd period - Jiri Hudler wins face-off versus Andrew Desjardins in Texas Stars zone.
3:25 of 2nd period - Snap shot by Garnet Hathaway.
3:25 of 2nd period - Stopped by Mike McKenna with a rebound.
3:27 of 2nd period - Slapshot by Rob Scuderi.
3:27 of 2nd period - Deflect By Tobias Lindberg.
3:27 of 2nd period - Stopped by Mike McKenna without a rebound.
3:28 of 2nd period - Brooks Laich wins face-off versus Andy Miele in Hershey Bears zone.
3:33 of 2nd period - Wrist shot by Brooks Laich.
3:33 of 2nd period - Stopped by Mike McKenna with a rebound.
3:35 of 2nd period - Slapshot by Tobias Lindberg.
3:35 of 2nd period - Shot Misses the Net.
3:37 of 2nd period - Wrist shot by Tobias Lindberg.
3:37 of 2nd period - Shot Misses the Net.
3:39 of 2nd period - Slapshot by Brooks Laich.
3:39 of 2nd period - Stopped by Mike McKenna without a rebound.
3:40 of 2nd period - Jiri Hudler wins face-off versus Andrew Desjardins in Hershey Bears zone.
3:53 of 2nd period - Wrist shot by Jiri Hudler.
3:53 of 2nd period - Shot Misses the Net.
4:14 of 2nd period - Slapshot by Chris Bourque.
4:14 of 2nd period - Stopped by Malcolm Subban without a rebound.
4:15 of 2nd period - Jiri Hudler wins face-off versus Mike Blunden in Texas Stars zone.
4:20 of 2nd period - Cory Conacher is hit by Jiri Hudler and loses puck.
4:25 of 2nd period - Slapshot by Jiri Hudler.
4:25 of 2nd period - Stopped by Mike McKenna with a rebound.
4:51 of 2nd period - Wrist shot by Chris Wagner.
4:51 of 2nd period - Stopped by Malcolm Subban with a rebound.
5:07 of 2nd period - Wrist shot by Colby Cave.
5:07 of 2nd period - Shot Blocked by Josh Jacobs.
5:09 of 2nd period - Snap shot by Tom Sestito.
5:09 of 2nd period - Stopped by Malcolm Subban with a rebound.
5:21 of 2nd period - Tobias Lindberg is hit by Cory Conacher and loses puck.
5:41 of 2nd period - Snap shot by Craig Cunningham.
5:41 of 2nd period - Stopped by Mike McKenna with a rebound.
5:43 of 2nd period - Snap shot by Jiri Hudler.
5:43 of 2nd period - Shot Misses the Net.
5:59 of 2nd period - Wrist shot by Alan Quine.
5:59 of 2nd period - Stopped by Mike McKenna with a rebound.
6:01 of 2nd period - Slapshot by Michael Bournival.
6:01 of 2nd period - Shot Misses the Net.
6:03 of 2nd period - Snap shot by Phil Varone.
6:03 of 2nd period - Shot Blocked by Andy Miele.
6:05 of 2nd period - Slapshot by Josh Jacobs.
6:05 of 2nd period - Shot Misses the Net.
6:07 of 2nd period - Wrist shot by Alan Quine.
6:07 of 2nd period - Shot Misses the Net.
6:49 of 2nd period - Off-side.
6:50 of 2nd period - Cristoval Nieves wins face-off versus Phil Varone in neutral zone.
7:19 of 2nd period - Snap shot by Brooks Laich.
7:19 of 2nd period - Stopped by Mike McKenna with a rebound.
7:21 of 2nd period - Wrist shot by Brooks Laich.
7:21 of 2nd period - Shot Blocked by Michael Kostka.
7:23 of 2nd period - Wrist shot by Brooks Laich.
7:23 of 2nd period - Shot Blocked by Andrew Desjardins.
7:41 of 2nd period - Snap shot by Jiri Hudler.
7:41 of 2nd period - Stopped by Mike McKenna with a rebound.
7:43 of 2nd period - Slapshot by Mike Sislo.
7:43 of 2nd period - Goal by Mike Sislo - Texas Stars : 2 - Hershey Bears : 1.
7:44 of 2nd period - Jiri Hudler wins face-off versus Chris Bourque in neutral zone.
7:59 of 2nd period - Snap shot by Jiri Hudler.
7:59 of 2nd period - Shot Blocked by Chris Bourque.
8:09 of 2nd period - Matt Carle is hit by Tobias Lindberg and loses puck.
8:18 of 2nd period - Slapshot by Brooks Laich.
8:18 of 2nd period - Stopped by Mike McKenna without a rebound.
8:19 of 2nd period - Jiri Hudler wins face-off versus Andrew Desjardins in Hershey Bears zone.
8:46 of 2nd period - Alan Quine is hit by Michael Kostka and loses puck.
8:57 of 2nd period - Wrist shot by Carter Camper.
8:57 of 2nd period - Shot Misses the Net.
8:59 of 2nd period - Snap shot by Teddy Blueger.
8:59 of 2nd period - Shot Blocked by Derrick Pouliot.
9:15 of 2nd period - Garnet Hathaway is hit by Cristoval Nieves and loses puck.
9:32 of 2nd period - Slapshot by Chris Bourque.
9:32 of 2nd period - Stopped by Malcolm Subban without a rebound.
9:33 of 2nd period - Andy Miele wins face-off versus Joseph Cramarossa in Texas Stars zone.
9:33 of 2nd period - Mark Fraser beats up Brad Hunt.
9:33 of 2nd period - Penalty to Mark Fraser for Fighting.
9:33 of 2nd period - Penalty to Brad Hunt for Fighting.
9:34 of 2nd period - Jiri Hudler wins face-off versus Andrew Desjardins in Texas Stars zone.
10:03 of 2nd period - Icing by Michael Kostka.
10:04 of 2nd period - Phil Varone wins face-off versus Chris Wagner in Hershey Bears zone.
10:15 of 2nd period - Snap shot by Phil Varone.
10:15 of 2nd period - Shot Blocked by Nicolas Deslauriers.
10:17 of 2nd period - Wrist shot by Alan Quine.
10:17 of 2nd period - Shot Blocked by Chris Wagner.
10:19 of 2nd period - Wrist shot by Alan Quine.
10:19 of 2nd period - Shot Blocked by Nicolas Deslauriers.
10:29 of 2nd period - Craig Cunningham is hit by Cory Conacher and loses puck.
10:36 of 2nd period - Backhand shot by Andrew Desjardins.
10:36 of 2nd period - Stopped by Malcolm Subban with a rebound.
10:38 of 2nd period - Slapshot by Nicolas Deslauriers.
10:38 of 2nd period - Stopped by Malcolm Subban with a rebound.
10:40 of 2nd period - Snap shot by Andrew Desjardins.
10:40 of 2nd period - Shot Misses the Net.
10:54 of 2nd period - Wrist shot by Brendan Gaunce.
10:54 of 2nd period - Shot Misses the Net.
10:56 of 2nd period - Snap shot by Carter Camper.
10:56 of 2nd period - Deflect By Teddy Blueger.
10:56 of 2nd period - Stopped by Malcolm Subban with a rebound.
10:58 of 2nd period - Snap shot by Teddy Blueger.
10:58 of 2nd period - Stopped by Malcolm Subban with a rebound.
11:00 of 2nd period - Snap shot by Brendan Gaunce.
11:00 of 2nd period - Stopped by Malcolm Subban with a rebound.
11:02 of 2nd period - Slapshot by Brendan Gaunce.
11:02 of 2nd period - Goal by Brendan Gaunce - Texas Stars : 2 - Hershey Bears : 2.
11:03 of 2nd period - Phil Varone wins face-off versus Andrew Desjardins in neutral zone.
11:03 of 2nd period - Phil Varone is hit by Mike Blunden.
11:15 of 2nd period - Snap shot by Cory Conacher.
11:15 of 2nd period - Shot Misses the Net.
12:25 of 2nd period - Brendan Gaunce is hit by Joseph Cramarossa and loses puck.
12:36 of 2nd period - Snap shot by Brendan Gaunce.
12:36 of 2nd period - Shot Blocked by Luke Witkowski.
12:38 of 2nd period - Snap shot by Carter Camper.
12:38 of 2nd period - Shot Misses the Net.
12:40 of 2nd period - Wrist shot by Brendan Gaunce.
12:40 of 2nd period - Stopped by Malcolm Subban without a rebound.
12:41 of 2nd period - Phil Varone wins face-off versus Andrew Desjardins in Texas Stars zone.
12:41 of 2nd period - Michael Bournival is hit by Cory Conacher and loses puck.
13:08 of 2nd period - Tobias Lindberg is hit by Nicolas Deslauriers and loses puck.
13:17 of 2nd period - Snap shot by Garnet Hathaway.
13:17 of 2nd period - Goal by Garnet Hathaway - Texas Stars : 3 - Hershey Bears : 2.
13:18 of 2nd period - Craig Cunningham wins face-off versus Andrew Desjardins in neutral zone.
13:43 of 2nd period - Matt Carle is hit by Phil Varone and loses puck.
13:48 of 2nd period - Slapshot by Michael Bournival.
13:48 of 2nd period - Shot Misses the Net.
13:50 of 2nd period - Backhand shot by Derrick Pouliot.
13:50 of 2nd period - Shot Blocked by Michael Kostka.
14:34 of 2nd period - Teddy Blueger is hit by Derrick Pouliot.
15:23 of 2nd period - Josh Jacobs is hit by Tom Sestito and loses puck.
15:30 of 2nd period - Snap shot by Cristoval Nieves.
15:30 of 2nd period - Shot Misses the Net.
15:32 of 2nd period - Minor Penalty to Josh Jacobs for Holding.
15:33 of 2nd period - Jiri Hudler wins face-off versus Andrew Desjardins in Texas Stars zone.
15:58 of 2nd period - Brad Hunt is hit by Chris Bourque and loses puck.
16:48 of 2nd period - Snap shot by Chris Bourque.
16:48 of 2nd period - Shot Misses the Net.
16:54 of 2nd period - Slapshot by Chris Bourque.
16:54 of 2nd period - Shot Blocked by Derrick Pouliot.
16:56 of 2nd period - Slapshot by Klas Dahlbeck.
16:56 of 2nd period - Shot Misses the Net.
16:58 of 2nd period - Slapshot by Nicolas Deslauriers.
16:58 of 2nd period - Shot Blocked by Derrick Pouliot.
17:28 of 2nd period - Wrist shot by Chris Bourque.
17:28 of 2nd period - Shot Blocked by Phil Varone.
17:30 of 2nd period - Slapshot by Klas Dahlbeck.
17:30 of 2nd period - Shot Hit the Post.
17:32 of 2nd period - Penalty to Josh Jacobs is over, Josh Jacobs is back on ice.
17:34 of 2nd period - Slapshot by Andy Miele.
17:34 of 2nd period - Stopped by Malcolm Subban without a rebound.
17:35 of 2nd period - Andrew Desjardins wins face-off versus Jiri Hudler in Texas Stars zone.
17:36 of 2nd period - Wrist shot by Cory Conacher.
17:36 of 2nd period - Shot Blocked by Rob Scuderi.
17:44 of 2nd period - Mike Blunden is hit by Brad Hunt and loses puck.
17:49 of 2nd period - Wrist shot by Craig Cunningham.
17:49 of 2nd period - Shot Blocked by Michael Kostka.
18:00 of 2nd period - Minor Penalty to Tom Sestito for Roughing.
18:01 of 2nd period - Cory Conacher wins face-off versus Jiri Hudler in Hershey Bears zone.
19:35 of 2nd period - Michael Kostka is hit by Brad Hunt.
19:39 of 2nd period - Mark Fraser is hit by Brooks Laich and loses puck.
0:00 of 3rd period - Penalty to Tom Sestito is over, Tom Sestito is back on ice.
Goals for this period are 2 for Texas Stars vs 1 for Hershey Bears.
Shots for this period are 12 for Texas Stars vs 15 for Hershey Bears.

3rd period


0:01 of 3rd period - Craig Cunningham wins face-off versus Andrew Desjardins in neutral zone.
0:10 of 3rd period - Snap shot by Craig Cunningham.
0:10 of 3rd period - Goal by Craig Cunningham - Texas Stars : 4 - Hershey Bears : 2.
0:11 of 3rd period - Mike Blunden wins face-off versus Craig Cunningham in neutral zone.
0:24 of 3rd period - Wrist shot by Cory Conacher.
0:24 of 3rd period - Shot Blocked by Mike Sislo.
1:06 of 3rd period - Snap shot by Cristoval Nieves.
1:06 of 3rd period - Stopped by Malcolm Subban with a rebound.
1:16 of 3rd period - Joseph Cramarossa is hit by Teddy Blueger and loses puck.
1:39 of 3rd period - Wrist shot by Mike Blunden.
1:39 of 3rd period - Stopped by Malcolm Subban with a rebound.
1:41 of 3rd period - Snap shot by Mike Blunden.
1:41 of 3rd period - Stopped by Malcolm Subban with a rebound.
1:43 of 3rd period - Snap shot by Michael Kostka.
1:43 of 3rd period - Deflect By Andrew Desjardins.
1:43 of 3rd period - Shot Blocked by Rob Scuderi.
1:43 of 3rd period - Puck is out of play.
1:44 of 3rd period - Phil Varone wins face-off versus Andrew Desjardins in Texas Stars zone.
1:53 of 3rd period - Snap shot by Alan Quine.
1:53 of 3rd period - Shot Blocked by Michael Kostka.
2:28 of 3rd period - Icing by Garnet Hathaway.
2:29 of 3rd period - Cristoval Nieves wins face-off versus Brooks Laich in Texas Stars zone.
2:40 of 3rd period - Slapshot by Andrew Desjardins.
2:40 of 3rd period - Shot Misses the Net.
2:58 of 3rd period - Snap shot by Jiri Hudler.
2:58 of 3rd period - Shot Misses the Net.
3:13 of 3rd period - Icing by James Wisniewski.
3:14 of 3rd period - Andy Miele wins face-off versus Michael Bournival in Hershey Bears zone.
3:28 of 3rd period - Off-side.
3:29 of 3rd period - Jiri Hudler wins face-off versus Andy Miele in neutral zone.
3:32 of 3rd period - Snap shot by Craig Cunningham.
3:32 of 3rd period - Shot Misses the Net.
3:38 of 3rd period - Slapshot by Craig Cunningham.
3:38 of 3rd period - Shot Blocked by Chris Wagner.
3:40 of 3rd period - Backhand shot by Craig Cunningham.
3:40 of 3rd period - Shot Misses the Net.
3:42 of 3rd period - Wrist shot by Mike Sislo.
3:42 of 3rd period - Shot Hit the Post.
3:44 of 3rd period - Snap shot by Derrick Pouliot.
3:44 of 3rd period - Shot Misses the Net.
3:54 of 3rd period - Derrick Pouliot is hit by Cory Conacher and loses puck.
4:17 of 3rd period - Wrist shot by Colby Cave.
4:17 of 3rd period - Stopped by Malcolm Subban with a rebound.
4:19 of 3rd period - Wrist shot by Cristoval Nieves.
4:19 of 3rd period - Shot Misses the Net.
4:27 of 3rd period - Slapshot by Tom Sestito.
4:27 of 3rd period - Goal by Tom Sestito - Texas Stars : 4 - Hershey Bears : 3.
4:28 of 3rd period - Andrew Desjardins wins face-off versus Jiri Hudler in neutral zone.
4:41 of 3rd period - Slapshot by Cory Conacher.
4:41 of 3rd period - Shot Misses the Net.
4:43 of 3rd period - Slapshot by Michael Kostka.
4:43 of 3rd period - Stopped by Malcolm Subban with a rebound.
4:53 of 3rd period - Michael Kostka is hit by Alan Quine.
5:24 of 3rd period - Colby Cave is hit by Brooks Laich.
6:00 of 3rd period - Wrist shot by Michael Bournival.
6:00 of 3rd period - Stopped by Mike McKenna with a rebound.
6:28 of 3rd period - Michael Kostka is hit by Tobias Lindberg and loses puck.
6:41 of 3rd period - Snap shot by Craig Cunningham.
6:41 of 3rd period - Stopped by Mike McKenna with a rebound.
6:43 of 3rd period - Slapshot by Luke Witkowski.
6:43 of 3rd period - Stopped by Mike McKenna with a rebound.
6:53 of 3rd period - Andrew Desjardins is hit by Phil Varone and loses puck.
7:06 of 3rd period - Slapshot by Teddy Blueger.
7:06 of 3rd period - Stopped by Malcolm Subban with a rebound.
7:29 of 3rd period - Off-side.
7:30 of 3rd period - Cristoval Nieves wins face-off versus Danick Martel in neutral zone.
8:05 of 3rd period - Snap shot by Cristoval Nieves.
8:05 of 3rd period - Stopped by Malcolm Subban with a rebound.
8:07 of 3rd period - Snap shot by Cristoval Nieves.
8:07 of 3rd period - Stopped by Malcolm Subban without a rebound.
8:08 of 3rd period - Phil Varone wins face-off versus Andrew Desjardins in Texas Stars zone.
8:40 of 3rd period - Snap shot by Jiri Hudler.
8:40 of 3rd period - Shot Misses the Net.
8:42 of 3rd period - Slapshot by Josh Jacobs.
8:42 of 3rd period - Shot Blocked by James Wisniewski.
9:19 of 3rd period - Mike Blunden is hit by Jiri Hudler and loses puck.
9:42 of 3rd period - Derrick Pouliot is hit by Cristoval Nieves and loses puck.
11:20 of 3rd period - Brendan Gaunce is hit by Luke Witkowski and loses puck.
11:49 of 3rd period - Wrist shot by Cristoval Nieves.
11:49 of 3rd period - Shot Misses the Net.
11:51 of 3rd period - Slapshot by Matt Carle.
11:51 of 3rd period - Deflect By Brad Hunt.
11:51 of 3rd period - Stopped by Malcolm Subban with a rebound.
11:53 of 3rd period - Snap shot by Matt Carle.
11:53 of 3rd period - Deflect By Brooks Laich.
11:53 of 3rd period - Stopped by Malcolm Subban with a rebound.
12:25 of 3rd period - Joseph Cramarossa is hit by Colby Cave and loses puck.
12:50 of 3rd period - Wrist shot by Teddy Blueger.
12:50 of 3rd period - Shot Misses the Net.
13:11 of 3rd period - Off-side.
13:12 of 3rd period - Phil Varone wins face-off versus Mike Blunden in neutral zone.
13:19 of 3rd period - Mike Blunden is hit by Michael Bournival and loses puck.
14:04 of 3rd period - Garnet Hathaway is hit by Cristoval Nieves and loses puck.
14:29 of 3rd period - Snap shot by Phil Varone.
14:29 of 3rd period - Shot Misses the Net.
14:31 of 3rd period - Snap shot by Phil Varone.
14:31 of 3rd period - Stopped by Mike McKenna with a rebound.
14:33 of 3rd period - Snap shot by Phil Varone.
14:33 of 3rd period - Stopped by Mike McKenna with a rebound.
14:51 of 3rd period - Snap shot by Andrew Desjardins.
14:51 of 3rd period - Shot Misses the Net.
15:05 of 3rd period - Slapshot by Chris Bourque.
15:05 of 3rd period - Stopped by Malcolm Subban with a rebound.
15:44 of 3rd period - James Wisniewski is hit by Tobias Lindberg and loses puck.
16:01 of 3rd period - Wrist shot by Chris Bourque.
16:01 of 3rd period - Stopped by Malcolm Subban without a rebound.
16:02 of 3rd period - Andy Miele wins face-off versus Jiri Hudler in Texas Stars zone.
16:32 of 3rd period - Snap shot by Phil Varone.
16:32 of 3rd period - Shot Misses the Net.
17:19 of 3rd period - Minor Penalty to Nicolas Deslauriers for Hooking.
17:20 of 3rd period - Jiri Hudler wins face-off versus Cory Conacher in Hershey Bears zone.
17:32 of 3rd period - Snap shot by Andrew Desjardins.
17:32 of 3rd period - Stopped by Malcolm Subban with a rebound.
19:19 of 3rd period - Penalty to Nicolas Deslauriers is over, Nicolas Deslauriers is back on ice.
19:25 of 3rd period - Wrist shot by Brooks Laich.
19:25 of 3rd period - Shot Blocked by Michael Kostka.
19:27 of 3rd period - Snap shot by Brooks Laich.
19:27 of 3rd period - Stopped by Mike McKenna with a rebound.
19:29 of 3rd period - Snap shot by Brooks Laich.
19:29 of 3rd period - Stopped by Mike McKenna without a rebound.
19:30 of 3rd period - Scott Stevens call a timeout for Hershey Bears.
19:30 of 3rd period - Jiri Hudler wins face-off versus Andrew Desjardins in Hershey Bears zone.
19:39 of 3rd period - Brad Hunt is hit by Michael Kostka and loses puck.
19:42 of 3rd period - Hershey Bears, Mike McKenna is pulled from the net.
19:52 of 3rd period - Slapshot by Cory Conacher.
19:52 of 3rd period - Stopped by Malcolm Subban with a rebound.
19:54 of 3rd period - Wrist shot by Cory Conacher.
19:54 of 3rd period - Stopped by Malcolm Subban without a rebound.
19:55 of 3rd period - Mike Sislo wins face-off versus Andrew Desjardins in Texas Stars zone.
Goals for this period are 1 for Texas Stars vs 1 for Hershey Bears.
Shots for this period are 8 for Texas Stars vs 16 for Hershey Bears.